 Dungeon Crawl Stone Soup version 0.31-a0-662-g684573625c (webtiles) character file.

Game seed: 15398759460715383784

240637 bjtr the Earth Mage (level 19, -24/116 HPs)
             Began as a Gargoyle Earth Elementalist on Sept 1, 2023.
             Was the Champion of Vehumet.
             Killed from afar by a deep elf sorcerer (32 damage)
             ... with damnation
             ... on level 3 of the Elven Halls on Sept 2, 2023.
             The game lasted 03:46:12 (47388 turns).

bjtr the Earth Mage (Gargoyle Earth Elementalist)  Turns: 47388, Time: 03:46:14

Health: -24/116    AC: 26    Str: 16    XL:     19   Next: 78%
Magic:  40/40      EV: 12    Int: 27    God:    Vehumet [******]
Gold:   2421       SH: 16    Dex:  5    Spells: 3/52 levels left

rFire   + . .        b - +6 demon trident (freeze)
rCold   + . .        e - +2 kite shield
rNeg    + + +        R - +5 robe of Night {Dark Will+ SInv}
rPois   ∞            I - +2 hat {Will+}
rElec   +            L - scarf {rC+ rF+}
rCorr   +            C - +2 pair of gloves {Stlth+}
SInv    +            c - +2 pair of boots
Will    ++++.        E - amulet "Gipsef" {Reflect rCorr Str+3 SH+5}
Stlth   ++++         W - ring of Yriucil {rN+++ Will+ Int+4 Dex-5 Slay+2}
HPRegen 0.39/turn    P - +4 ring of slaying
MPRegen 0.27/turn

%: reflection
@: corroded, flying, studying Dodging
A: sickness immunity, AC +14, big wings, negative energy resistance 1,
electricity resistance, torment resistance 1, petrification resistance
}: 1/15 runes: barnacled
a: Renounce Religion


You were on level 3 of the Elven Halls.
You worshipped Vehumet.
Vehumet was exalted by your worship.
You visited 6 branches of the dungeon, and saw 30 of its levels.
You also visited: Ossuary.

You collected 4622 gold pieces.
You spent 2201 gold pieces at shops.

Inventory:

Hand Weapons
 a - the +8 spear of the Onslaught {antimagic, rF+}
   (You found it on level 13 of the Dungeon)

   rF+:       It protects you from fire.
 b - a +6 demon trident of freezing (weapon)
 t - a +3 scimitar of flaming
 y - a +0 vampiric eveningstar
 z - a +6 scimitar of freezing
Missiles
 k - 5 curare-tipped darts
 n - 4 silver javelins
 w - 10 throwing nets
 Y - 2 atropa-tipped darts
Armour
 c - a +2 pair of boots (worn)
 e - a +2 kite shield (worn)
 C - a +2 pair of gloves of stealth (worn)
 I - a +2 hat of willpower (worn)
 L - a scarf of resistance (worn)
 R - the +5 robe of Night (worn) {Dark Will+ SInv}
   (You took it off a deep elf pyromancer on level 12 of the Dungeon)

   Dark:      It shrouds the wearer in darkness, reducing the range at which
   they can see and be seen by others.
   Will+:     It increases your willpower.
   SInv:      It lets you see invisible.
Jewellery
 f - the amulet of Ytuts {RegenMP rF++ rC-}
   (You found it on level 2 of the Dungeon)

   [amulet of magic regeneration]

   RegenMP:   It increases your rate of magic regeneration.
   rF++:      It greatly protects you from fire.
   rC-:       It makes you vulnerable to cold.
 p - a +5 ring of evasion
 q - the ring of the Trilobite {rPois rF- Str+6 Int+4}
   (You found it on level 13 of the Dungeon)

   [ring of strength]

   Str+6:     It affects your strength (+6).
   Int+4:     It affects your intelligence (+4).
   rF-:       It makes you vulnerable to fire.
   rPois:     It protects you from poison
 x - a ring of protection from fire
 D - an amulet of regeneration
 E - the amulet "Gipsef" (around neck) {Reflect rCorr Str+3 SH+5}
   (You took it off a deep elf blademaster on level 3 of the Elven Halls)

   [amulet of reflection]

   Reflect:   It reflects blocked missile attacks.
   Str+3:     It affects your strength (+3).
   rCorr:     It protects you from acid and corrosion.
   SH+5:      It affects your SH (+5).
 P - a +4 ring of slaying (right hand)
 W - the ring of Yriucil (left hand) {rN+++ Will+ Int+4 Dex-5 Slay+2}
   (You found it on level 2 of the Elven Halls)

   [ring of willpower]

   Int+4:     It affects your intelligence (+4).
   Dex-5:     It affects your dexterity (-5).
   Slay+2:    It affects your accuracy & damage with ranged weapons and melee
   (+2).
   rN+++:     It renders you almost immune to negative energy.
   Will+:     It increases your willpower.
Wands
 l - a wand of polymorph (3)
 s - a wand of roots (40)
 N - a wand of paralysis (52)
 S - a wand of digging (4)
 V - a wand of acid (5)
 Z - a wand of mindburst (29)
Scrolls
 o - 5 scrolls of immolation
 r - 13 scrolls of teleportation
 u - 2 scrolls of vulnerability
 F - 5 scrolls of revelation
 G - 2 scrolls of fear
 M - 2 scrolls of poison
 O - 18 scrolls of identify
 T - a scroll of amnesia
Potions
 d - 11 potions of enlightenment
 g - a potion of berserk rage
 h - 2 potions of cancellation
 i - a potion of invisibility
 j - 13 potions of curing
 m - a potion of ambrosia
 v - 3 potions of resistance
 K - 2 potions of brilliance
 U - 2 potions of might
Miscellaneous
 B - a condenser vane
 Q - a phantom mirror


   Skills:
 + Level 11.6 Fighting
 * Level 7.0 Polearms
 - Level 8.0 Armour
 + Level 11.3 Dodging
 - Level 6.3 Stealth
 - Level 10.1 Shields
 + Level 17.0 Spellcasting
 + Level 15.2 Conjurations
 - Level 0.7 Transmutations
 - Level 7.9 Fire Magic
 * Level 18.6 Earth Magic
 - Level 1.4 Poison Magic
 + Level 0.6 Evocations


You had 3 spell levels left.
You knew the following spells:

 Your Spells              Type           Power      Damage    Failure   Level
a - Lehudib's Crystal Sp  Conj/Erth      42%        10d10     8%          8
b - Passwall              Tmut/Erth      55%        N/A       1%          2
c - Stone Arrow           Conj/Erth      100%       3d13      0%          3
d - Petrify               Tmut/Erth      66%        N/A       1%          4
f - Leda's Unmaking       Conj/Erth      42%        9d7       1%          6
g - Starburst             Conj/Fire      36%        6d11      1%          6
h - Irradiate             Conj/Tmut      30%        3d21      1%          5
i - Lee's Rapid Deconstr  Erth           44%        3d21*     1%          5
j - Borgnjor's Vile Clut  Necr/Erth      32%        N/A       2%          5
k - Arcjolt               Conj/Air       29%        1d39      1%          5

Your spell library contained the following spells:

 Spells                   Type           Power      Damage    Failure   Level
 Shatter                  Erth           44%        3d34*     45%         9
 Chain Lightning          Conj/Air       29%        3d39      100%        9
 Polar Vortex             Ice            11%        12d1*     100%        9
 Magic Dart               Conj           100%       1d8       0%          1
 Sandblast                Erth           100%       2d20      0%          1
 Searing Ray              Conj           100%       2d8       0%          2
 Foxfire                  Conj/Fire      100%       2x1d9     1%          1
 Kiss of Death            Conj/Necr      100%       2d13      1%          1
 Shock                    Conj/Air       100%       1d9       1%          1
 Momentum Strike          Conj/Tloc      100%       3d10      1%          2
 Static Discharge         Conj/Air       100%       2-7/arc   1%          2
 Dazzling Flash           Conj/Hex       100%       N/A       1%          3
 Volatile Blastmotes      Fire/Tloc      88%        2d17      1%          3
 Apportation              Tloc           46%        N/A       4%          1
 Necrotise                Necr           92%        1d8       4%          1
 Summon Small Mammal      Summ           92%        N/A       4%          1
 Wereblood                Tmut           26%        N/A       4%          2
 Ensorcelled Hibernation  Hex/Ice        46%        N/A       7%          2
 Call Canine Familiar     Summ           23%        N/A       13%         3
 Gell's Gravitas          Tloc           23%        N/A       13%         3
 Ozocubu's Armour         Ice            23%        N/A       13%         3
 Summon Guardian Golem    Hex/Summ       23%        N/A       13%         3
 Swiftness                Air            23%        N/A       13%         3
 Fulminant Prism          Conj/Hex       29%        3d13      1%          4
 Orb of Destruction       Conj           40%        9d11      1%          7
 Olgreb's Toxic Radiance  Pois           30%        N/A       7%          4
 Airstrike                Air            11%        2d(2-18)  12%         4
 Plasma Beam              Fire/Air       22%        2x1d34    32%         6
 Spellforged Servitor     Conj/Summ      29%        N/A       38%         7
 Anguish                  Hex/Necr       11%        N/A       41%         4
 Animate Dead             Necr           23%        N/A       41%         4
 Dispel Undead            Necr           23%        3d12      41%         4
 Summon Lightning Spire   Summ/Air       23%        N/A       41%         4
 Vhi's Electric Charge    Tloc/Air       46%        N/A       41%         4
 Alistair's Intoxication  Tmut/Pois      18%        N/A       61%         5
 Eringya's Noxious Bog    Tmut/Pois      14%        4d6       69%         6
 Agony                    Necr           23%        N/A       77%         5
 Silence                  Hex/Air        11%        N/A       77%         5
 Summon Forest            Summ/Tloc      11%        N/A       77%         5
 Death Channel            Necr           11%        N/A       100%        6
 Dispersal                Tloc           11%        N/A       100%        6
 Haunt                    Necr/Summ      11%        N/A       100%        7
 Ozocubu's Refrigeration  Ice            11%        4d10      100%        7
 Summon Hydra             Summ           11%        N/A       100%        7
 Infestation              Necr           11%        N/A       100%        8
 Maxwell's Capacitive Co  Air            11%        ∞         100%        8


Dungeon Overview and Level Annotations

Branches:
Dungeon (15/15)            Temple (1/1) D:6            Lair (5/5) D:9
 Shoals (4/4) Lair:3       Spider (0/4) Lair:3        Slime (0/5) Lair:5
    Orc (2/2) D:11            Elf (3/3) Orc:2        Vaults (0/5) D:14
 Depths (0/4) D:15        Ossuary (visited)

Altars:
Ashenzari
Cheibriados
Dithmenos
Elyvilon
Fedhas
Gozag
Hepliaklqana
Kikubaaqudgha
Makhleb
Nemelex Xobeh
Okawaru
Qazlal
Ru
Sif Muna
Trog
Uskayaw
Vehumet
Wu Jian
Xom
Yredelemnul
Zin
The Shining One
Jiyva
Lugonu

Shops:
D:9 ?   D:14 :   Orc:1 *   Orc:2 =*[(   Elf:2 !   Shoals:1 (   Shoals:2 :
Shoals:4 [[([=

Portals:
Abyss: Lair:5

Annotations:
Temple 2 transporters


Innate Abilities, Weirdness & Mutations

You are immune to sickness and miasma.
Your stone body is resilient. (AC +14)
You are immune to poison.
Your large and strong wings let you fly.
You resist negative energy. (rN+)
You are resistant to electric shocks. (rElec)
You are resistant to unholy torment.
You are immune to petrification.


Message History

Your fire elemental hits the deep elf annihilator.
Your fire elemental burns the deep elf annihilator!
The deep elf sorcerer barely misses your deep elf zephyrmancer.
The deep elf annihilator hits your fire elemental with a +2 flail of protection.
Your fire elemental hits the deep elf annihilator.
Your fire elemental burns the deep elf annihilator!
The deep elf annihilator dies!
Vehumet accepts your kill.
Your deep elf zephyrmancer misses the deep elf blademaster.
Your deep elf knight gestures at the deep elf blademaster while chanting.
The shard of ice misses the deep elf blademaster.
Your Polearms skill increases to level 7!
Unknown command.
Unknown command.
Unknown command.
Unknown command.
Unknown command.
The deep elf sorcerer misses your deep elf zephyrmancer.
The deep elf blademaster closely misses your deep elf knight.
The deep elf blademaster barely misses your deep elf knight.
The deep elf elementalist is engulfed in poison gas.
The deep elf elementalist is poisoned.
The deep elf sorcerer barely misses your deep elf zephyrmancer.
Your deep elf knight casts a spell.
Your deep elf knight flickers and vanishes for a moment.
Your deep elf zephyrmancer misses the deep elf blademaster.
Unknown command.
The deep elf blademaster hits your deep elf knight with a +0 rapier.
The deep elf blademaster barely misses your deep elf knight.
Your deep elf archer unwields a +0 shortbow.
Your deep elf archer wields a +0 short sword.
Your deep elf archer misses the deep elf blademaster.
The deep elf sorcerer shouts, "You can't withstand my power!"
The deep elf sorcerer points at you and mumbles some strange words.
The sphere of damnation explodes!
The damnation engulfs your fire elemental!
Your fire elemental is destroyed!
Your fire elemental dissolves into shadows!
The damnation engulfs you!!
You die...

+#########
#@§.)e§e.##
##§(☼..§§..###
#§§§eeee§....#
#§§§§§.e§e§....#
#§§§§§§§§§§.....
.§§e§§§###§.....
.§.§§§## ##.....
....# #..e.


You could see a deep elf blademaster (distracted, ally target), a deep elf
sorcerer (fast, ally target), a deep elf elementalist (repels missiles,
poisoned), a friendly deep elf archer (summoned, repels missiles, corroded), a
friendly deep elf knight (summoned, invisible), 3 friendly deep elf
zephyrmancers and a friendly +2 dire flail of protection (summoned).

Vanquished Creatures
  the Lernaean hydra (D:13)
  Jorgrun (D:15)
  2 deep elf blademasters
  A kraken (Shoals:3)
  Kirke (D:12)
  The ghost of Qoro the Sorcerer, an adept DESu of Gozag (Elf:1)
  Aizul (Elf:2)
  Donald (Shoals:4)
  2 frost giants
  8 deep elf sorcerers
  2 deep elf elementalists (Elf:3)
  An ironbound preserver (D:14)
  An orc warlord (Orc:2)
  A reaper (Lair:3)
  7 deep elf demonologists
  Nessos (Lair:4)
  5 deep elf annihilators
  10 merfolk impalers (Shoals:4)
  4 merfolk javelineers (Shoals:4)
  5 deep elf death magi
  3 deep elf high priests
  An entropy weaver (D:14)
  A yaktaur captain (D:15)
  Harold (Lair:2)
  43 hydras
  3 merfolk avatars
  2 alligator snapping turtles
  2 catoblepae
  3 merfolk aquamancers
  4 boulder beetles
  Erolcha (Orc:1)
  An ogre mage (D:15)
  24 dancing weapons
  7 centaur warriors
  4 death yaks (Lair:4)
  12 two-headed ogres
  6 orc high priests
  2 tengu warriors (D:15)
  3 thrashing horrors (Lair:5)
  13 deep elf knights
  3 skysharks
  12 skeletal warriors
  A death drake (shapeshifter) (Elf:1)
  10 sea snakes
  2 lindwurms (Lair:2)
  31 deep elf pyromancers
  10 deep elf archers
  A necromancer (Elf:1)
  24 harpies
  3 large abominations
  6 orc knights
  12 deep elf zephyrmancers
  4 cyclopes
  9 orc sorcerers
  7 ugly things
  4 fauns (Shoals:3)
  21 manticores
  The ghost of zenocrate the Ruffian, a novice TrWr (D:6)
  15 elephants
  Joseph (D:10)
  13 merfolk sirens
  2 smoke demons (Lair:5)
  4 gargoyles
  6 black mambas
  9 cane toads
  Jeremiah (D:7)
  3 torpor snails
  A rime drake (Lair:5)
  A freezing wraith (D:12)
  3 unseen horrors (D:12)
  3 efreet
  3 komodo dragons
  10 meliai
  10 trolls
  3 wind drakes (Shoals:4)
  25 merfolk
  A hornet (D:9)
  Prince Ribbit (D:7)
  4 polar bears
  22 blink frogs
  3 raiju (Lair:5)
  9 snapping turtles
  Sigmund (D:3)
  5 slime creatures
  4 shadows
  3 air elementals (Elf:1)
  7 wraiths
  A spriggan (Lair:5)
  5 wyverns
  2 vampires
  5 hogs (D:12)
  50 yaks
  2 ynoxinuls (Lair:5)
  15 water elementals
  2 yaks (shapeshifter)
  7 basilisks
  A human (Lair:3)
  10 vampire mosquitoes
  Eustachio (D:4)
  A steam dragon (D:7)
  4 acid dragons
  2 chaos spawn (Lair:5)
  A warg (Elf:1)
  Edmund (D:5)
  16 water moccasins
  A sky beast (shapeshifter) (D:12)
  A sky beast (D:7)
  2 ice beasts (D:6)
  41 orc warriors
  2 black bears
  10 wolves
  26 ogres
  5 centaurs
  2 phantoms
  6 elf zombies (Elf:1)
  7 kobold brigands
  11 bullfrogs
  An earth elemental (Elf:3)
  9 gnoll sergeants
  3 scorpions
  10 wights
  15 killer bees
  6 howler monkeys
  7 jellies
  8 crimson imps (D:14)
  2 hounds (D:6)
  A hound (shapeshifter) (Lair:5)
  3 iguanas
  21 orc priests
  A gnoll bouda (D:7)
  A sleepcap (D:7)
  Terence (D:3)
  33 orc wizards
  12 small abominations (Lair:5)
  A centaur simulacrum (D:6)
  A bullfrog simulacrum (D:6)
  4 mummies
  11 adders
  28 gnolls
  3 white imps
  A howler monkey simulacrum (D:6)
  4 dart slugs
  79 orcs
  4 bats
  11 endoplasms
  A giant cockroach (D:3)
  A gnoll zombie (Ossuary)
  13 hobgoblins
  4 jackals (D:1)
  23 kobolds
  8 quokkas
  9 ball pythons
  3 frilled lizards
  7 goblins
  3 goblin zombies
  4 hobgoblin zombies (Ossuary)
  2 kobold zombies
  2 rats (D:1)
1127 creatures vanquished.

Vanquished Creatures (collateral kills)
  A deep elf annihilator (Elf:3)
  A basilisk (D:14)
2 creatures vanquished.

Vanquished Creatures (others)
  A deep elf knight (Elf:2)
  A deep elf zephyrmancer (Elf:2)
  2 humans (D:12)
  4 tentacles (Shoals:3)
8 creatures vanquished.

Grand Total: 1137 creatures vanquished

Notes
Turn   | Place    | Note
-------+----------+-------------------------------------------
     0 | D:1      | bjtr the Gargoyle Earth Elementalist began the quest for
                  | the Orb.
     0 | D:1      | Reached XP level 1. HP: 10/10 MP: 3/3
    84 | D:1      | Reached skill level 4 in Earth Magic
   155 | D:1      | Reached XP level 2. HP: 15/15 MP: 1/5
   373 | D:1      | Reached skill level 1 in Fire Magic
   373 | D:1      | Reached XP level 3. HP: 15/19 MP: 2/6
  1019 | D:2      | Reached skill level 5 in Earth Magic
  1102 | D:2      | Reached XP level 4. HP: 24/24 MP: 3/7
  1205 | D:2      | Found an opulent altar of Gozag.
  1593 | D:2      | Identified the amulet of Ytuts {RegenMP rF++ rC-}
  1834 | D:3      | Learned a level 2 spell: Passwall
  1838 | D:3      | Learned a level 3 spell: Stone Arrow
  1938 | D:3      | Found a radiant altar of Vehumet.
  1948 | D:3      | Reached XP level 5. HP: 28/28 MP: 8/8
  1950 | D:3      | Became a worshipper of Vehumet
  2013 | D:3      | Noticed Sigmund
  2018 | D:3      | Killed Sigmund
  2019 | D:3      | Reached skill level 1 in Armour
  2019 | D:3      | Reached skill level 6 in Earth Magic
  2019 | D:3      | Reached XP level 6. HP: 33/33 MP: 7/10
  2057 | D:3      | You fall into a shaft and drop 1 floor!
  2151 | D:4      | Reached skill level 7 in Earth Magic
  2226 | D:4      | Reached XP level 7. HP: 37/37 MP: 10/12
  2307 | D:3      | Reached skill level 1 in Fighting
  2315 | D:3      | Reached * piety under Vehumet
  2315 | D:3      | Offered knowledge of Freeze by Vehumet.
  2696 | D:3      | Noticed Terence
  2706 | D:3      | Killed Terence
  2813 | D:4      | Found a hazy altar of Hepliaklqana.
  2813 | D:4      | Found a shimmering blue altar of Sif Muna.
  2944 | D:4      | Noticed Eustachio
  2951 | D:4      | Killed Eustachio
  2952 | D:4      | Reached skill level 8 in Earth Magic
  3029 | D:4      | Learned a level 2 spell: Searing Ray
  3034 | D:4      | Learned a level 4 spell: Petrify
  3206 | D:4      | Found a shadowy altar of Dithmenos.
  3206 | D:4      | Found a snail-covered altar of Cheibriados.
  3331 | D:4      | Found an ancient bone altar of Kikubaaqudgha.
  3448 | D:4      | Reached XP level 8. HP: 43/43 MP: 14/14
  3531 | D:5      | Entered Level 5 of the Dungeon
  3632 | D:5      | Found a sand-covered staircase.
  3638 | Ossuary  | Entered an ossuary
  3638 | Ossuary  | Noticed a wraith
  3638 | Ossuary  | Noticed a wraith
  3638 | Ossuary  | Noticed a wraith
  3825 | Ossuary  | Noticed a wraith
  3828 | Ossuary  | Killed a wraith
  3904 | Ossuary  | Reached ** piety under Vehumet
  3904 | Ossuary  | Offered knowledge of Kiss of Death by Vehumet.
  4181 | D:5      | Reached skill level 9 in Earth Magic
  4242 | D:5      | Noticed Edmund
  4254 | D:5      | Killed Edmund
  4467 | D:5      | Reached skill level 5 in Spellcasting
  5084 | D:6      | Found a staircase to the Ecumenical Temple.
  5113 | Temple   | Found a transporter.
  5113 | Temple   | Found a transporter.
  5113 | Temple   | Found a transporter.
  5113 | Temple   | Found a transporter.
  5113 | Temple   | Entered the Ecumenical Temple
  5132 | D:6      | Reached XP level 9. HP: 49/49 MP: 16/16
  5150 | D:6      | Reached skill level 10 in Earth Magic
  5177 | D:6      | Found a runed translucent gate.
  5178 | D:6      | Found a runed translucent gate.
  5179 | D:6      | Found a runed translucent gate.
  5418 | D:6      | Noticed zenocrate's ghost (novice TrWr)
  5628 | D:7      | Offered knowledge of Momentum Strike by Vehumet.
  5657 | D:7      | Reached skill level 5 in Fire Magic
  5721 | D:7      | Reached *** piety under Vehumet
  5721 | D:7      | Noticed Prince Ribbit
  5726 | D:7      | Killed Prince Ribbit
  5885 | D:7      | Found a basalt altar of Yredelemnul.
  5902 | D:7      | Offered knowledge of Frozen Ramparts by Vehumet.
  5905 | D:7      | Reached skill level 1 in Shields
  6053 | D:7      | Reached XP level 10. HP: 46/56 MP: 19/19
  6151 | D:7      | Noticed Jeremiah
  6157 | D:7      | Reached skill level 11 in Earth Magic
  6159 | D:7      | Killed Jeremiah
  6275 | D:7      | Found a broken altar of Ashenzari.
  7252 | D:8      | Found a sparkling altar of Nemelex Xobeh.
  7252 | D:8      | Found an opulent altar of Gozag.
  7377 | D:9      | Noticed a deep elf pyromancer
  7404 | D:9      | Reached **** piety under Vehumet
  7414 | D:9      | Killed a deep elf pyromancer
  7597 | D:9      | Found a staircase to the Lair.
  7760 | D:9      | Found Gichad's Magic Scroll Shop.
  8053 | D:9      | Reached XP level 11. HP: 61/61 MP: 23/23
  8057 | D:9      | Reached skill level 12 in Earth Magic
  8063 | D:9      | Offered knowledge of Airstrike by Vehumet.
  8123 | D:9      | Noticed a centaur warrior
  8129 | D:9      | Killed a centaur warrior
  8644 | D:9      | Noticed a manticore
  8658 | D:9      | Killed a manticore
  9148 | D:10     | Entered Level 10 of the Dungeon
  9161 | D:10     | Noticed a two-headed ogre
  9167 | D:10     | Found a bloodstained altar of Trog.
  9178 | D:9      | Killed a two-headed ogre
  9179 | D:9      | Reached skill level 1 in Conjurations
  9535 | D:10     | Noticed a two-headed ogre
  9539 | D:10     | Killed a two-headed ogre
  9609 | D:10     | Noticed Joseph
  9616 | D:10     | Killed Joseph
 10142 | D:10     | Reached skill level 5 in Armour
 10152 | D:10     | Reached skill level 5 in Fighting
 10152 | D:10     | Reached skill level 13 in Earth Magic
 10420 | D:10     | Reached XP level 12. HP: 68/68 MP: 19/25
 11162 | D:11     | Found a staircase to the Orcish Mines.
 11189 | D:11     | Reached skill level 10 in Spellcasting
 11329 | D:11     | Reached ***** piety under Vehumet
 11329 | D:11     | Offered knowledge of Olgreb's Toxic Radiance by Vehumet.
 11336 | D:11     | Learned a level 4 spell: Olgreb's Toxic Radiance
 12161 | D:12     | Noticed a centaur warrior
 12328 | D:12     | Noticed a boulder beetle
 12685 | D:11     | Reached skill level 5 in Conjurations
 12870 | D:12     | Noticed Kirke
 12922 | D:12     | Noticed a sphinx
 12928 | D:12     | Killed Kirke
 13091 | D:12     | Identified the +4 whip of Eternal Harmony {venom, Fly
                  | Will+}
 13094 | D:12     | Noticed a boulder beetle
 13103 | D:12     | Noticed a centaur warrior
 13104 | D:12     | Noticed a five-headed hydra
 13109 | D:12     | Reached XP level 13. HP: 31/72 MP: 20/27
 13176 | D:12     | Reached skill level 14 in Earth Magic
 13237 | D:12     | Learned a level 6 spell: Starburst
 13763 | D:12     | Reached skill level 1 in Poison Magic
 13976 | D:12     | Identified the +2 robe of Existentialism {rC+}
 14287 | D:12     | Got the Enchiridion on Points
 15027 | D:13     | Learned a level 5 spell: Irradiate
 15645 | D:13     | Found a runed translucent door.
 17015 | D:13     | Gained mutation: Your large and strong wings let you fly.
                  | [Gargoyle growth]
 17015 | D:13     | Reached XP level 14. HP: 80/80 MP: 29/29
 17019 | D:13     | Reached skill level 5 in Shields
 17022 | D:13     | Reached skill level 15 in Earth Magic
 17031 | D:13     | Reached skill level 5 in Stealth
 17032 | D:13     | Offered knowledge of Lee's Rapid Deconstruction by Vehumet.
 17037 | D:13     | Reached skill level 5 in Dodging
 17048 | D:13     | Learned a level 5 spell: Lee's Rapid Deconstruction
 17075 | D:13     | Found a runed translucent door.
 17123 | D:13     | Reached skill level 10 in Conjurations
 17353 | D:13     | Found a runed translucent door.
 17474 | D:13     | Found a runed translucent door.
 17477 | D:13     | Noticed the 27-headed Lernaean hydra
 17984 | D:14     | Reached XP level 15. HP: 85/85 MP: 26/31
 18067 | D:14     | Found Uryen's Book Shop.
 18187 | D:14     | Found a gate to the Vaults.
 18550 | D:6      | Killed zenocrate's ghost
 18785 | D:15     | Entered Level 15 of the Dungeon
 19341 | D:15     | Reached skill level 16 in Earth Magic
 19670 | D:15     | Noticed a frost giant
 19682 | D:15     | Killed a frost giant
 19789 | D:15     | Found a staircase to the Depths.
 19833 | D:15     | Learned a level 5 spell: Borgnjor's Vile Clutch
 20139 | D:15     | Noticed Jorgrun
 20659 | Lair:1   | Entered Level 1 of the Lair of Beasts
 21801 | Lair:2   | Noticed Harold
 21804 | Lair:2   | Offered knowledge of Eringya's Noxious Bog by Vehumet.
 21822 | Lair:2   | Killed Harold
 22893 | Lair:3   | Found a hole to the Spider Nest.
 23006 | Lair:3   | Identified the +9 quarterstaff "Fuoxzal" {elec, rF+ Str+8}
 23253 | Lair:3   | Found a staircase to the Shoals.
 23445 | Lair:3   | Found a runed translucent door.
 23875 | Lair:3   | Reached XP level 16. HP: 84/92 MP: 33/33
 24091 | Lair:4   | Noticed Nessos
 24099 | Lair:4   | Killed Nessos
 24797 | Lair:4   | Offered knowledge of Arcjolt by Vehumet.
 24818 | Lair:4   | Learned a level 5 spell: Arcjolt
 25046 | Lair:5   | Entered Level 5 of the Lair of Beasts
 25084 | Lair:5   | Found a viscous altar of Jiyva.
 25084 | Lair:5   | Found a staircase to the Slime Pits.
 25877 | Lair:5   | Found a one-way gate to the infinite horrors of the Abyss.
 25879 | Lair:5   | Found a corrupted altar of Lugonu.
 28806 | Orc:1    | Entered Level 1 of the Orcish Mines
 29027 | Orc:1    | Found Itaurih's CLEARANCE SALE!.
 29030 | Orc:1    | Bought a scroll of blinking for 45 gold pieces
 29030 | Orc:1    | Bought a wand of digging (4) for 100 gold pieces
 29262 | Orc:1    | Offered knowledge of Leda's Unmaking by Vehumet.
 29264 | Orc:1    | Noticed Erolcha
 29271 | Orc:1    | Killed Erolcha
 29569 | Orc:2    | Entered Level 2 of the Orcish Mines
 29753 | Orc:2    | Found a staircase to the Elven Halls.
 29949 | Orc:2    | Reached XP level 17. HP: 96/100 MP: 16/35
 30347 | Temple   | Learned a level 6 spell: Leda's Unmaking
 30604 | Orc:2    | Reached ****** piety under Vehumet
 30611 | Orc:2    | Reached skill level 15 in Spellcasting
 30851 | Orc:2    | Offered knowledge of Yara's Violent Unravelling by Vehumet.
 30957 | Orc:2    | Found Qiluitog's Antique Armour Shop.
 30958 | Orc:2    | Found Zutsuosch's General Store.
 30958 | Orc:2    | Found Wuvevvye's Antique Weapon Shop.
 30958 | Orc:2    | Found Xirphaurog's Jewellery Boutique.
 31329 | D:15     | Killed Jorgrun
 31576 | D:13     | Killed the 27-headed Lernaean hydra
 31710 | D:13     | Identified the staff "Ziecri Kann" {rElec rF++ Int+3 Dex-2
                  | SInv Air}
 31713 | D:13     | Identified the +1 robe "Bykhyxka" {rF++ rCorr}
 31715 | D:13     | Identified the ring of the Trilobite {rPois rF- Str+6
                  | Int+4}
 31721 | D:13     | Identified the +8 spear of the Onslaught {antimagic, rF+}
 31935 | Shoals:1 | Entered Level 1 of the Shoals
 32001 | Shoals:1 | Found Kietix's Weapon Shoppe.
 32182 | Shoals:1 | Reached skill level 10 in Fighting
 34178 | Shoals:2 | Found Sidduimi's Self-Improvement Boutique.
 34187 | Shoals:2 | Bought a manual of Dodging for 1200 gold pieces
 34267 | Shoals:2 | Found a sacrificial altar of Ru.
 36473 | Shoals:3 | Noticed a kraken
 36480 | Shoals:3 | Killed a kraken
 36872 | Shoals:4 | Entered Level 4 of the Shoals
 36872 | Shoals:4 | Found Feipios's Jewellery Shop.
 37327 | Shoals:4 | HP: 2/103 [merfolk javelineer/silver javelin (8)]
 37436 | Shoals:4 | Reached XP level 18. HP: 43/108 MP: 8/37
 37453 | Shoals:4 | Offered knowledge of Lehudib's Crystal Spear by Vehumet.
 37463 | Shoals:4 | Reached skill level 17 in Earth Magic
 37714 | Shoals:4 | Found Onta's Armour Shop.
 37717 | Shoals:4 | Bought a +2 pair of gloves of stealth for 408 gold pieces
 38318 | Shoals:4 | Noticed Donald
 38554 | Shoals:4 | Killed Donald
 39000 | Shoals:4 | Found Kidaejex's Antique Armour Shop.
 39009 | Shoals:4 | Identified a scroll of acquirement
 39009 | Shoals:4 | Acquired 677 gold pieces
 39033 | Shoals:4 | Reached skill level 10 in Dodging
 39138 | Shoals:4 | Reached skill level 10 in Shields
 39549 | Shoals:4 | Found Umor's Weapon Boutique.
 39880 | Shoals:4 | Got a barnacled rune of Zot
 40038 | Shoals:4 | Found Kudy Goo's Antique Armour Boutique.
 40139 | Shoals:4 | Identified the staff of Subjectivity {Contam rElec Conj
                  | Hexes}
 41150 | Temple   | Learned a level 8 spell: Lehudib's Crystal Spear
 41368 | Elf:1    | Entered Level 1 of the Elven Halls
 41658 | Elf:1    | Reached skill level 1 in Polearms
 41697 | Elf:1    | Paralysed by an air elemental for 1 turns
 41702 | Elf:1    | Paralysed by an air elemental for 1 turns
 41849 | Elf:1    | Noticed a Brimstone Fiend
 42170 | Elf:1    | Found a runed translucent door.
 42170 | Elf:1    | Noticed Qoro's ghost (adept DESu)
 42182 | Elf:1    | Killed Qoro's ghost
 42505 | Elf:1    | Got the Quarto of the Undead
 42685 | Elf:1    | Offered knowledge of Shatter by Vehumet.
 42685 | Elf:1    | Offered knowledge of Chain Lightning by Vehumet.
 42685 | Elf:1    | Offered knowledge of Polar Vortex by Vehumet.
 42714 | Elf:1    | Paralysed by an air elemental for 1 turns
 42724 | Elf:1    | Paralysed by an air elemental for 1 turns
 43793 | Elf:2    | Found a runed translucent gate.
 43794 | Elf:2    | Found a runed translucent gate.
 43794 | Elf:2    | Found a runed translucent gate.
 43828 | Elf:2    | Found Komuaz's Distillery.
 43915 | Elf:2    | Bought a potion of heal wounds for 80 gold pieces
 43915 | Elf:2    | Bought a potion of resistance for 160 gold pieces
 43915 | Elf:2    | Bought a potion of heal wounds for 80 gold pieces
 43915 | Elf:2    | Bought a potion of magic for 128 gold pieces
 44053 | Elf:2    | Reached skill level 5 in Polearms
 44054 | Elf:2    | Reached XP level 19. HP: 109/115 MP: 24/39
 44156 | Elf:2    | Identified the ring of Yriucil {rN+++ Will+ Int+4 Dex-5
                  | Slay+2}
 44594 | Elf:2    | Noticed Aizul
 44601 | Elf:2    | Killed Aizul
 45417 | Elf:2    | Reached skill level 18 in Earth Magic
 45858 | Elf:3    | Entered Level 3 of the Elven Halls
 46449 | Elf:3    | Reached skill level 15 in Conjurations
 46953 | Elf:3    | Identified the amulet "Gipsef" {Reflect rCorr Str+3 SH+5}
 47348 | Elf:3    | Identified the +9 glaive of the Iron City of Dis
                  | {antimagic, rElec Str+3}
 47382 | Elf:3    | HP: 5/116 [deep elf sorcerer/bolt of acid (5)]
 47382 | Elf:3    | HP: 2/116 [deep elf blademaster/+0 rapier (3)]
 47388 | Elf:3    | Killed from afar by a deep elf sorcerer

Illustrated notes

Levels and vault maps discovered:
D:1:      dpeg_arrival_solitude, layout_loops_ring, minmay_split_cup_small
D:2:      layout_basic, basic_altar, minmay_tree_intersection
D:3:      layout_loops_ring, mainiacjoe_overflow_chevrons,
          roderic_roman_lattice, minmay_between, uniq_terence, uniq_sigmund
D:4:      layout_loops_ring, kennysheep_little_box,
          chequers_temple_overflow_statue_of_worship, kennysheep_dice,
          uniq_eustachio
D:5:      layout_basic, nicolae_ossuary_entry_giza,
          chequers_serial_rivers_small_3, uniq_edmund
D:6:      layout_rooms, minmay_temple_entry_gardened_gates, gammafunk_ghost_icy
D:7:      layout_rooms, yredelemnul_altar_generic, old_standard_altar,
          hangedman_decor_clover_reticule, uniq_prince_ribbit1, uniq_jeremiah
D:8:      layout_loops_ring, grunt_temple_overflow_opulence
D:9:      cheibrodos_barr_body, layout_gridville, lair_entry_dummy,
          serial_shops, nicolae_lakefront_shop
D:10:     minmay_razor_zed, layout_small_grid, old_standard_altar, uniq_joseph
D:11:     layout_roguey, kennysheep_orc_monster_closet_entryway
D:12:     minmay_the_grid_octo_tiled_squarecenter [minmay_the_grid_octo_empty,
          minmay_the_grid_octo_fat_diamond, minmay_the_grid_octo_teeth,
          minmay_the_grid_octo_pinwheel,
          minmay_the_grid_square_5x5_megaprize_checkered,
          minmay_the_grid_square_5x5_pentomino_r,
          minmay_the_grid_square_5x5_intrusive_squares,
          minmay_the_grid_square_5x5_misaligned,
          minmay_the_grid_square_5x5_inset], layout_loops_ring, uniq_kirke
D:13:     layout_cave_pods, nicolae_hydra_factorization
D:14:     layout_rooms, hellmonk_vaults_order_and_chaos, serial_shops,
          nicolae_shop_hallway_plus, minmay_nine_imps
D:15:     grunt_enter_depths_snipers, layout_rooms, minmay_misc_feat_tiny,
          uniq_jorgrun
Temple:   hellmonk_temple_divided_pantheon
Lair:1:   layout_roguey
Lair:2:   layout_regular_city, nicolae_lair_lindhole, uniq_harold
Lair:3:   layout_cave_pods, elwin_shoals_entry_rooms,
          hellmonk_spider_entry_not_the_bees, pdpol_lair_cabin_in_the_woods
Lair:4:   layout_cave_pods, chequers_serial_rivers_small_b, lemuel_fruit_fields,
          lemuel_fruit_tree, serial_bayou_shore_a, uniq_nessos
Lair:5:   hellmonk_lair_end_abyssal_woods, layout_cave_shapes,
          nicolae_slime_entry_slimehenge, patterned_corridor
Shoals:1: layout_shoals, serial_shops, shop_statue
Shoals:2: layout_shoals, lemuel_altar_in_water, nicolae_shop_self_help
Shoals:3: layout_shoals
Shoals:4: shoals_end_grunt_ice, layout_shoals, serial_shops,
          nicolae_shop_tiny_waterfront, shop, nicolae_shop_real_fake_doors,
          shop, nicolae_shop_window_shopping, uniq_donald
Orc:1:    lemuel_ogre_cave, layout_diamond_mine, basic_altar, serial_shops,
          shop, nicolae_shop_clearance
Orc:2:    st_orc_congregation, layout_diamond_mine
Elf:1:    nicolae_elf_arrival_fired_up, layout_gridlike, gammafunk_ghost_grave,
          minmay_elf_necromancy, grunt_megastairs_4
Elf:2:    nicolae_elf_blades_crystal_corner, layout_geoelf_diagonals,
          serial_shops, nicolae_shop_industrial_runoff, uniq_aizul
Elf:3:    nooodl_elf_gasket, layout_geoelf_octagon, minivault_4

Skill      XL: |  1  2  3  4  5  6  7  8  9 10 11 12 13 14 15 16 17 18 19 |
---------------+----------------------------------------------------------+-----
Earth Magic    | 4 5 6 7 8 9 10 11 13 14 15 16 17 18 | 18.6
Fire Magic     | 1 2 3 4 5 7 |  7.9
Armour         | 1 2 3 5 7 8 |  8.0
Spellcasting   | 3 4 5 6 8 9 10 11 12 13 14 15 16 17 | 17.0
Fighting       | 1 2 3 4 5 6 7 9 10 11 | 11.6
Stealth        | 3 4 5 6 |  6.3
Shields        | 1 2 3 4 6 7 8 9 10 | 10.1
Conjurations   | 3 6 8 10 11 12 13 14 15 | 15.2
Dodging        | 2 3 4 5 6 8 9 10 11 | 11.3
Poison Magic   | 1 |  1.4
Polearms       | 5 7 |  7.0
Transmutations | |  0.7
Evocations     | |  0.6

Action                     |  1- 3 |  4- 6 |  7- 9 | 10-12 | 13-15 | 16-18 | 19-21 || total
---------------------------+-------+-------+-------+-------+-------+-------+-------++-------
  Melee: Unarmed           |    13 |       |       |       |       |       |       ||    13
         Club              |    10 |       |       |       |       |       |       ||    10
         Dagger            |    10 |       |       |       |       |       |       ||    10
         Falchion          |    10 |       |       |       |       |       |       ||    10
         Trident           |       |    35 |    26 |       |       |       |       ||    61
         War axe           |       |       |    63 |       |       |       |       ||    63
         Flail             |       |       |    78 |   194 |   308 |    66 |       ||   646
         Scimitar          |       |       |       |       |   178 |   458 |       ||   636
         Demon trident     |       |       |       |       |       |   217 |    68 ||   285
  Throw: Dart              |       |       |       |       |     2 |       |       ||     2
   Cast: Sandblast         |    41 |    36 |   116 |   210 |    45 |     7 |       ||   455
         Stone Arrow       |       |       |       |    85 |    98 |    24 |       ||   207
         Petrify           |       |       |       |    11 |       |       |       ||    11
         Searing Ray       |       |       |       |     1 |     1 |       |       ||     2
         Olgreb's Toxic Ra |       |       |       |     6 |     8 |     1 |       ||    15
         Starburst         |       |       |       |       |    15 |    63 |     1 ||    79
         Irradiate         |       |       |       |       |    14 |    29 |     3 ||    46
         Passwall          |       |       |       |       |     2 |     7 |       ||     9
         Lee's Rapid Decon |       |       |       |       |    39 |     1 |     1 ||    41
         Borgnjor's Vile C |       |       |       |       |     4 |     4 |       ||     8
         Arcjolt           |       |       |       |       |       |   133 |    20 ||   153
         Leda's Unmaking   |       |       |       |       |       |   164 |    79 ||   243
         Lehudib's Crystal |       |       |       |       |       |    16 |    17 ||    33
  Evoke: Wand              |       |       |       |     9 |       |     2 |       ||    11
         Phantom mirror    |       |       |       |       |       |     1 |       ||     1
    Use: Scroll            |       |       |    22 |     7 |     8 |    12 |     6 ||    55
         Potion            |       |       |       |     4 |     2 |     8 |     9 ||    23
   Stab: Sleeping          |     1 |       |     4 |       |     8 |     8 |     2 ||    23
         Petrified         |       |       |       |    13 |       |       |       ||    13
         Distracted        |       |       |       |       |     2 |     1 |       ||     3
 Armour: Robe              |    44 |       |       |       |   530 |   743 |   173 ||  1490
         Leather armour    |       |    13 |    81 |   175 |       |       |       ||   269
         Acid dragon scale |       |       |       |    93 |       |       |       ||    93
         Troll leather arm |       |       |       |   150 |    81 |       |       ||   231
  Dodge: Dodged            |    50 |    66 |   237 |   418 |   623 |   920 |    46 ||  2360
  Block: Buckler           |       |       |    15 |   117 |   286 |   230 |       ||   648
         Kite shield       |       |       |       |       |       |   647 |    97 ||   744
         Reflection        |       |       |       |       |       |    37 |    12 ||    49

Table legend: (Time is in decaauts)
 A = Elapsed time spent in this place.
 B = Non-inter-level travel time spent in this place.
 C = Inter-level travel time spent in this place.
 D = Time resting spent in this place.
 E = Time spent auto-exploring this place.
 F = Levels seen in this place.
 G = Mean time per level.
                   A        B        C        D        E       F      G
               +--------+--------+--------+--------+--------+-----+--------+
         Total |  48514 |  43615 |   4899 |  11708 |  22653 |  31 | 1565.0 |
       Dungeon |  22470 |  19179 |   3291 |   4634 |  10078 |  15 | 1498.0 |
        Temple |     75 |     60 |     15 |      0 |      0 |   1 |   75.0 |
          Lair |   8761 |   7989 |    772 |   2636 |   3868 |   5 | 1752.2 |
        Shoals |   8507 |   8012 |    495 |   2316 |   4475 |   4 | 2126.8 |
  Orcish Mines |   2241 |   1977 |    264 |    266 |   1124 |   2 | 1120.5 |
   Elven Halls |   6074 |   6012 |     62 |   1856 |   3105 |   3 | 2024.7 |
       Ossuary |    383 |    383 |      0 |      0 |      3 |   1 |  383.0 |
               +--------+--------+--------+--------+--------+-----+--------+

Top non-repeatable levels by time:
  Lair:5: 3671 daAuts
Shoals:4: 3134 daAuts
    D:13: 2887 daAuts
   Elf:2: 2446 daAuts
Shoals:3: 2433 daAuts
    D:12: 2405 daAuts
     D:9: 2197 daAuts
   Elf:1: 2095 daAuts
    D:11: 1877 daAuts
    D:14: 1764 daAuts
Shoals:1: 1756 daAuts
    D:10: 1725 daAuts
     D:8: 1706 daAuts
  Lair:3: 1601 daAuts
   Elf:3: 1533 daAuts
